 Dungeon Crawl Stone Soup version 0.30-a0-4-ga7cffc901d (webtiles) character file.

Game seed: 807253130869329768

49 Setbun the Sneak (level 4, -1/25 HPs)
             Began as a Kobold Enchanter on Aug 20, 2022.
             Slain by a gnoll
             ... wielding a +0 whip
              (8 damage)
             ... on level 2 of the Dungeon.
             The game lasted 00:00:57 (953 turns).

Setbun the Sneak (Kobold Enchanter)                  Turns: 953, Time: 00:00:58

Health: -1/25      AC:  2    Str:  5    XL:     4   Next: 2%
Magic:  7/7        EV:  8    Int: 16    God:
Gold:   32         SH:  0    Dex: 17    Spells: 7/7 levels left

rFire   . . .      SeeInvis .    f - +2 dagger (venom)
rCold   . . .      Faith    .    (no shield)
rNeg    . . .      Spirit   .    b - +0 robe
rPois   .          Reflect  .    g - +0 hat
rElec   .          Harm     .    (no cloak)
rCorr   .          Rampage  .    (no gloves)
Will    .....                    (no boots)
Stlth   ++++......               (no amulet)
HPRegen 0.08/turn                (no ring)
MPRegen 0.10/turn                (no ring)

@: held
A: small, no large weapons, nightstalker 3
a: no special abilities


You were on level 2 of the Dungeon.
You visited 1 branch of the dungeon, and saw 2 of its levels.

You collected 32 gold pieces.

Inventory:

Hand Weapons
 a - a +1 dagger
 f - a +2 dagger of venom (weapon)
Armour
 b - a +0 robe (worn)
 g - a +0 hat (worn)
Jewellery
 k - an amulet of reflection
Scrolls
 i - a scroll of acquirement {unknown}
 l - a scroll of identify {unknown}
Potions
 c - 2 potions of invisibility
 d - 3 potions of flight {unknown}
 e - 2 potions of heal wounds {unknown}
 h - 2 potions of curing {unknown}
 j - a potion of haste {unknown}


   Skills:
 + Level 1.1 Fighting
 * Level 2.7 Short Blades
 + Level 2.8 Dodging
 + Level 4.3 Stealth
 + Level 2.4 Spellcasting
 + Level 3.2 Hexes


You had 7 spell levels left.
You didn't know any spells.
Your spell library contained the following spells:

 Spells                   Type           Power      Damage    Failure   Level
 Ensorcelled Hibernation  Hex/Ice        14%        N/A       16%         2
 Confusing Touch          Hex            12%        N/A       16%         3
 Tukima's Dance           Hex            12%        N/A       16%         3
 Dazzling Flash           Conj/Hex       14%        N/A       30%         3


Dungeon Overview and Level Annotations

Branches:
Dungeon (2/15)

Altars:


Innate Abilities, Weirdness & Mutations

You are small and have problems with some larger weapons.
You are completely attuned to the shadows.


Message History

No target in view!
No target in view!
No target in view!
No target in view!
Found a stone staircase leading down.
A gnoll comes into view. It is wielding a +0 whip.
A gnoll is nearby!
The gnoll hits you with a +0 whip!
You hit the gnoll.
The gnoll is poisoned.
The gnoll is heavily wounded.
The gnoll misses you.
A gnoll comes into view. It is wielding a +0 flail.
You hit the gnoll.
The gnoll looks as sick as possible!
The gnoll is almost dead.
You kill the gnoll!
Your Fighting skill increases to level 1!
A gnoll comes into view. It is wielding a +0 whip.
A gnoll comes into view. It is wielding a +0 flail.
The gnoll shouts! x2
You hit the gnoll.
The gnoll is poisoned.
The gnoll is moderately wounded.
You hear a shout!
The gnoll hits you with a +0 flail!
* * * LOW HITPOINT WARNING * * *
You are too injured to fight recklessly!
You are too injured to fight recklessly!
You are too injured to fight recklessly!
There are monsters nearby!
There are monsters nearby!
You don't know any spells.
Sorry, you're not good enough to have a special ability.
Unknown command.
You kill the gnoll!
The gnoll throws a throwing net.
The throwing net hits you.
You become entangled in the net!
You have reached level 4!
You see here a throwing net.
You struggle against the net.
You struggle against the net.
The gnoll hits you with a +0 whip!
You die...

.#. #....... .#
#.#..#.######.#
...>........#.#
...........##.###
#.......gg@...#
#....###.##.###
...).........#
#.#....###.##.#
...........##.#
.......##.##.#
...............#
..............#
#.#.....##.####


You could see 2 gnolls.

Vanquished Creatures
  2 gnolls (D:2)
  3 bats (D:1)
  4 endoplasms (D:1)
  2 goblins (D:1)
  2 hobgoblins (D:1)
  5 kobolds (D:1)
  A quokka (D:1)
  3 ball pythons (D:1)
  3 frilled lizards (D:1)
  6 rats
31 creatures vanquished.

Notes
Turn   | Place    | Note
-------+----------+-------------------------------------------
     0 | D:1      | Setbun the Kobold Enchanter began the quest for the Orb.
     0 | D:1      | Reached XP level 1. HP: 10/10 MP: 3/3
   134 | D:1      | Reached XP level 2. HP: 15/15 MP: 5/5
   550 | D:1      | Reached XP level 3. HP: 20/20 MP: 6/6
   942 | D:2      | Reached skill level 1 in Fighting
   952 | D:2      | Reached XP level 4. HP: 7/25 MP: 7/7
   953 | D:2      | Slain by a gnoll

Illustrated notes

Levels and vault maps discovered:
D:1:      lightli_arrival_statue_moat, layout_loops_ring, minmay_domino_4
D:2:      cheibrodos_old_hovel, layout_basic, basic_altar,
          shapermc_ecumenical_altar_acropolis, uniq_terence

Skill      XL: |  1  2  3 |
---------------+----------+-----
Short Blades   | 2 |  2.7
Fighting       | 1 |  1.1
Dodging        | |  2.8
Stealth        | |  4.3
Spellcasting   | |  2.4
Hexes          | |  3.2

Action                   |  1- 3 |  4- 6 || total
-------------------------+-------+-------++-------
Melee: Dagger            |    45 |       ||    45
 Stab: Sleeping          |    16 |       ||    16
Armor: Robe              |     1 |       ||     1
Dodge: Dodged            |    12 |       ||    12

Table legend: (Time is in decaauts)
 A = Elapsed time spent in this place.
 B = Non-inter-level travel time spent in this place.
 C = Inter-level travel time spent in this place.
 D = Time resting spent in this place.
 E = Time spent auto-exploring this place.
 F = Levels seen in this place.
 G = Mean time per level.
                   A        B        C        D        E       F      G
               +--------+--------+--------+--------+--------+-----+--------+
         Total |    947 |    918 |     29 |      0 |    770 |   2 |  473.5 |
       Dungeon |    947 |    918 |     29 |      0 |    770 |   2 |  473.5 |
               +--------+--------+--------+--------+--------+-----+--------+

Top non-repeatable levels by time:
     D:1: 905 daAuts
     D:2: 42 daAuts
